 Seeded DCSS version 0.30-a0-475-g03497ec522 (webtiles) character file.

Game seed: 15299751156022019397 (custom seed)

5383 purpskrrrp the Covert (level 10, 0/46 HPs)
             Began as a Spriggan Brigand on Dec 21, 2022.
             Was an Initiate of Wu Jian.
             Killed by divine providence
             ... invoked by an orc priest
              (10 damage)
             ... on level 9 of the Dungeon.
             The game lasted 00:14:53 (7704 turns).

purpskrrrp the Covert (Spriggan Brigand)            Turns: 7704, Time: 00:14:54

Health: 0/46       AC:  5    Str:  5    XL:     10   Next: 39%
Magic:  25/25      EV: 25    Int: 25    God:    Wu Jian [......]
Gold:   562        SH:  0    Dex: 25    Spells: 25/30 levels left

rFire   . . .      SeeInvis +    o - +10 dagger of Okkiorch {elec, Will++ Str-2 Int+4}
rCold   . . .      Faith    .    (no shield)
rNeg    . . .      Spirit   .    u - +2 robe {Will+}
rPois   .          Reflect  .    (helmet restricted)
rElec   .          Harm     .    c - +0 cloak
rCorr   .          Rampage  .    (gloves unavailable)
Will    ++++.                    (boots unavailable)
Stlth   +++++.....               n - amulet of regeneration
HPRegen 1.07/turn                p - +6 ring of intelligence
MPRegen 0.19/turn                H - +6 ring of dexterity

@: very quick
A: very small, no large weapons, unfitting armour, see invisible, speed 3
a: Renounce Religion


You were on level 9 of the Dungeon.
You worshipped Wu Jian.
Wu Jian was noncommittal.
You visited 2 branches of the dungeon, and saw 10 of its levels.

You collected 562 gold pieces.

Inventory:

Hand Weapons
 a - a +3 dagger
 j - a +4 quick blade of venom
 o - the +10 dagger of Okkiorch (weapon) {elec, Will++ Str-2 Int+4}
   (You found it on level 2 of the Dungeon)

   It occasionally discharges a powerful burst of electricity upon striking a
   foe.
   Str:       It affects your strength (-2).
   Int:       It affects your intelligence (+4).
   Will:      It greatly increases your willpower.
Missiles
 d - 31 poisoned darts
 e - 3 curare-tipped darts
Armour
 b - a +0 robe
 c - a +0 cloak (worn)
 u - a +2 robe of willpower (worn)
Jewellery
 n - an amulet of regeneration (around neck)
 p - a +6 ring of intelligence (left hand)
 H - a +6 ring of dexterity (right hand)
 I - a ring of wizardry
Wands
 k - a wand of iceblast (14)
 s - a wand of polymorph (28)
 w - a wand of flame (19)
 y - a wand of paralysis (5)
 C - a wand of mindburst (14)
 K - a wand of digging (5)
Scrolls
 g - 2 scrolls of blinking
 i - 5 scrolls of teleportation
 D - 2 scrolls of poison
Potions
 f - 5 potions of brilliance
 h - 2 potions of lignification
 l - a potion of might {unknown}
 q - 5 potions of degeneration
 r - a potion of ambrosia
 t - a potion of flight {unknown}
 v - 3 potions of heal wounds
 x - 4 potions of curing
 z - a potion of invisibility {unknown}
 A - 2 potions of magic
 B - a potion of berserk rage
 E - 2 potions of mutation
 F - a potion of cancellation {unknown}


   Skills:
 - Level 1.7 Fighting
 * Level 10.1 Short Blades
 - Level 2.1 Throwing
 + Level 8.4 Dodging
 + Level 11.4 Stealth
 * Level 10.6 Spellcasting


You had 25 spell levels left.
You knew the following spells:

 Your Spells              Type           Power      Damage    Failure   Level
a - Lightning Bolt        Conj/Air       6%         1d18      78%         5

Your spell library contained the following spells:

 Spells                   Type           Power      Damage    Failure   Level
 Ensorcelled Hibernation  Hex/Ice        26%        N/A       7%          2
 Passwall                 Tmut/Erth      10%        N/A       7%          2
 Static Discharge         Conj/Air       26%        2-4/arc   7%          2
 Spider Form              Tmut/Pois      13%        N/A       14%         3
 Swiftness                Air            13%        N/A       14%         3
 Vhi's Electric Charge    Tloc/Air       26%        N/A       14%         3
 Anguish                  Hex/Necr       6%         N/A       43%         4
 Arcjolt                  Conj/Air       6%         1d16      78%         5


Dungeon Overview and Level Annotations

Branches:
Dungeon (9/15)             Temple (1/1) D:5
   Lair: D:8-11         Orc: D:9-12

Altars:
Ashenzari
Dithmenos
Elyvilon
Gozag
Hepliaklqana
Kikubaaqudgha
Makhleb
Nemelex Xobeh
Okawaru
Qazlal
Ru
Sif Muna
Trog
Uskayaw
Vehumet
Wu Jian
Xom
Yredelemnul
Zin
The Shining One

Shops:
D:1 *   D:5 ==(*

Annotations:
D:3 3 runed translucent doors, holysushi's ghost, amateur VSEE; osoart's ghost, weakling SpBr
D:5 2 transporters


Innate Abilities, Weirdness & Mutations

You are very small and have problems with some larger weapons.
You are too small for most types of armour.
You have supernaturally acute eyesight. (SInv)
You cover ground extremely quickly. (Speed+++)


Message History

The centaur is almost dead.
The centaur unwields a +0 shortbow.
The centaur barely misses you. The centaur closely misses you.
The hornet barely misses you.
A centaur comes into view. It is wielding a +0 quarterstaff.
The orc warrior completely misses you. The orc priest misses you.
The kobold brigand closely misses you.
You hit the centaur. Lightning courses through the centaur!
You kill the centaur!
The Council accepts your kill.
You feel sick. The hornet stings you.
You feel yourself slow down.
You closely miss the kobold brigand.
You feel sick.
The orc priest calls down the wrath of Beogh upon you.
Beogh smites you!
* * * LOW HITPOINT WARNING * * *
The kobold brigand completely misses you.
The orc warrior barely misses you. The hornet misses you.
You are too injured to fight recklessly!
You are too injured to fight recklessly!
You are too injured to fight recklessly!
You are too injured to fight recklessly!
You are too injured to fight recklessly!
You are too injured to fight recklessly!
You are too injured to fight recklessly!
You are too injured to fight recklessly!
You are too injured to fight recklessly!
You are too injured to fight recklessly!
You are too injured to fight recklessly!
You are too injured to fight recklessly!
You are too injured to fight recklessly!
You are too injured to fight recklessly!
The bullfrog attacks as you move away!
The bullfrog hits you but does no damage.
Found a long sword.
You feel yourself speed up.
You feel sick.
You feel sick.
You are no longer poisoned.
The orc priest invokes the aid of Beogh against you.
Beogh smites you!
You die...

.....# .#..#
......# .##.#
..⌠....#.#..#
.....⌠..##..#
......)K'...#
....co.y##.##
..⌠...o#.#.#
.)....#.F###
.....#..@#
#####....#
.......##
......#
...)## ####


You could see a hornet, an orc warrior, a kobold brigand, a bullfrog, a centaur
and an orc priest.

Vanquished Creatures
  Joseph (D:8)
  Psyche (D:8)
  An unseen horror (D:9)
  Sigmund (D:3)
  A wyvern (D:7)
  A yak (D:9)
  3 water moccasins
  4 orc warriors
  3 black bears
  6 ice beasts
  3 ogres
  3 centaurs
  A kobold brigand (D:8)
  4 bullfrogs
  A scorpion (D:7)
  3 wights (D:8)
  4 killer bees (D:7)
  A vampire bat (D:8)
  7 hounds
  A jelly (D:5)
  A gnoll bouda (D:8)
  7 orc priests
  2 iguanas (D:5)
  Jessica (D:2)
  Ijyb (D:3)
  Terence (D:1)
  Natasha (thrice) (D:3)
  7 orc wizards
  Robin (D:3)
  24 gnolls
  10 adders
  2 white imps
  An ufetubus (D:4)
  3 dart slugs
  31 orcs
  5 endoplasms
  43 goblins
  33 hobgoblins
  11 jackals
  5 quokkas
  9 ball pythons
  11 bats
  3 frilled lizards (D:1)
  17 kobolds
  A rat (D:1)
283 creatures vanquished.

Vanquished Creatures (others)
  13 toadstools (D:9)
13 creatures vanquished.

Grand Total: 296 creatures vanquished

Notes
Turn   | Place    | Note
-------+----------+-------------------------------------------
     0 | D:1      | purpskrrrp the Spriggan Brigand began the quest for the
                  | Orb.
     0 | D:1      | Reached XP level 1. HP: 10/10 MP: 2/2
   153 | D:1      | Reached skill level 6 in Stealth
   157 | D:1      | Reached XP level 2. HP: 15/15 MP: 3/3
   453 | D:1      | Reached skill level 1 in Spellcasting
   453 | D:1      | Reached XP level 3. HP: 18/18 MP: 5/5
   569 | D:1      | Found Kobirgh's Assorted Antiques.
  1022 | D:2      | Noticed Terence
  1054 | D:1      | Killed Terence
  1055 | D:1      | Reached XP level 4. HP: 6/23 MP: 6/8
  1281 | D:2      | Noticed Jessica
  1295 | D:2      | Killed Jessica
  1630 | D:2      | Reached XP level 5. HP: 10/26 MP: 8/10
  1882 | D:2      | Identified the +10 dagger of Okkiorch {elec, Will++ Str-2
                  | Int+4}
  1970 | D:2      | Learned a level 5 spell: Lightning Bolt
  2165 | D:3      | Noticed Robin
  2182 | D:3      | Killed Robin
  2186 | D:3      | Reached skill level 7 in Stealth
  2288 | D:3      | Found a broken altar of Ashenzari.
  2341 | D:3      | Noticed Sigmund
  2351 | D:3      | Killed Sigmund
  2352 | D:3      | Reached XP level 6. HP: 30/30 MP: 11/13
  2372 | D:3      | Noticed Natasha
  2379 | D:3      | Killed Natasha
  2518 | D:3      | Noticed Natasha
  2524 | D:3      | Killed Natasha
  2538 | D:3      | Found a runed translucent gate.
  2538 | D:3      | Found a runed translucent gate.
  2539 | D:3      | Found a runed translucent gate.
  2542 | D:3      | Noticed osoart's ghost (weakling SpBr)
  2542 | D:3      | Noticed holysushi's ghost (amateur VSEE)
  2637 | D:3      | Noticed Ijyb
  2646 | D:3      | Killed Ijyb
  2887 | D:3      | Noticed Natasha
  2889 | D:3      | Killed Natasha
  2890 | D:3      | Reached XP level 7. HP: 34/34 MP: 14/14
  2910 | D:4      | Reached skill level 5 in Short Blades
  2965 | D:4      | Reached skill level 5 in Spellcasting
  3067 | D:4      | Reached skill level 8 in Stealth
  3073 | D:4      | Found a hazy altar of Hepliaklqana.
  3847 | D:4      | Reached skill level 5 in Dodging
  4299 | D:5      | Entered Level 5 of the Dungeon
  4325 | D:5      | Reached XP level 8. HP: 38/38 MP: 18/18
  4330 | D:5      | Found a staircase to the Ecumenical Temple.
  4449 | D:5      | Found Ridut's Antique Weapon Emporium.
  4503 | D:5      | Found Anyth's Mayhem Merchandise.
  4567 | D:5      | Found a transporter.
  4682 | D:5      | Found a transporter.
  4775 | D:5      | Found Guvuel's Jewellery Shop.
  5036 | D:5      | Found Xasem's Jewellery Shoppe.
  5096 | Temple   | Entered the Ecumenical Temple
  5303 | D:6      | Reached skill level 9 in Stealth
  5408 | D:6      | Found a radiant altar of Vehumet.
  5411 | D:6      | Found an iron altar of Okawaru.
  5525 | D:6      | Reached XP level 9. HP: 42/42 MP: 21/21
  6023 | D:7      | Reached skill level 10 in Stealth
  6509 | D:7      | Identified a scroll of acquirement
  6509 | D:7      | Acquired a +1 quick blade of venom
  6742 | D:8      | Found a burning altar of Makhleb.
  6917 | D:8      | Found a glowing golden altar of the Shining One.
  6917 | D:8      | Found an ornate altar of the Wu Jian Council.
  7048 | D:8      | Noticed Psyche
  7055 | D:8      | Killed Psyche
  7056 | D:8      | Reached XP level 10. HP: 46/46 MP: 24/24
  7259 | D:8      | Noticed Joseph
  7268 | D:8      | Killed Joseph
  7269 | D:8      | Reached skill level 11 in Stealth
  7269 | D:8      | Reached skill level 10 in Spellcasting
  7451 | D:8      | Became a worshipper of the Wu Jian Council
  7590 | D:9      | Reached skill level 10 in Short Blades
  7704 | D:9      | Killed from afar by an orc priest

Illustrated notes

Levels and vault maps discovered:
D:1:      dpeg_arrival_tiny_i, layout_basic, serial_shops,
          nicolae_shop_hallway_plus
D:2:      layout_basic, minmay_randomly_rotated_circles, uniq_jessica,
          uniq_terence
D:3:      layout_loops_ring, general_overflow_altar, gammafunk_ghost_cemetery,
          uniq_robin, uniq_natasha, uniq_ijyb, uniq_sigmund
D:4:      minmay_goblin_kobold_castle, layout_loops_ring, kennysheep_mini_moat
D:5:      gammafunk_steamed_eel, layout_basic, temple_green, serial_shops,
          nicolae_inconvenience_store, shop, nicolae_shop_waterfront,
          minmay_shop_mayhem, kennysheep_small_circle
D:6:      layout_basic, minitemple
D:7:      layout_cave_pools
D:8:      layout_basic, bloody_makhleb, gammafunk_temple_overflow_statue,
          roderic_batcave, uniq_psyche, uniq_joseph
D:9:      kennysheep_ambush_hall, layout_loops_ring, tgw_fedhas,
          nicolae_fountain_basement
Temple:   dshaligram_water_room_temple

Skill      XL: |  1  2  3  4  5  6  7  8  9 10 |
---------------+-------------------------------+-----
Stealth        | 6 7 8 9 10 11 | 11.4
Dodging        | 2 3 4 5 6 7 8 |  8.4
Spellcasting   | 1 2 4 6 7 9 10 | 10.6
Short Blades   | 3 4 6 7 9 10 | 10.1
Fighting       | |  1.7
Throwing       | |  2.1

Action                   |  1- 3 |  4- 6 |  7- 9 | 10-12 || total
-------------------------+-------+-------+-------+-------++-------
Melee: Dagger            |   101 |   118 |   354 |    89 ||   662
       Punch             |     2 |     1 |     4 |       ||     7
Throw: Dart              |       |     9 |       |       ||     9
Invok: Lunge             |       |       |       |     4 ||     4
  Use: Potion            |     1 |       |     1 |     1 ||     3
       Scroll            |       |       |    20 |     2 ||    22
 Stab: Sleeping          |    11 |     5 |    34 |     7 ||    57
       Distracted        |       |     2 |     1 |       ||     3
Armor: Robe              |    10 |     4 |    35 |     6 ||    55
Dodge: Dodged            |    83 |    74 |   209 |    62 ||   428

Table legend: (Time is in decaauts)
 A = Elapsed time spent in this place.
 B = Non-inter-level travel time spent in this place.
 C = Inter-level travel time spent in this place.
 D = Time resting spent in this place.
 E = Time spent auto-exploring this place.
 F = Levels seen in this place.
 G = Mean time per level.
                   A        B        C        D        E       F      G
               +--------+--------+--------+--------+--------+-----+--------+
         Total |   5169 |   4873 |    296 |    476 |   3215 |  10 |  516.9 |
       Dungeon |   5058 |   4768 |    290 |    476 |   3155 |   9 |  562.0 |
        Temple |    110 |    104 |      6 |      0 |     60 |   1 |  110.0 |
               +--------+--------+--------+--------+--------+-----+--------+

Top non-repeatable levels by time:
     D:4: 979 daAuts
     D:1: 696 daAuts
     D:2: 694 daAuts
     D:7: 621 daAuts
     D:3: 573 daAuts
     D:8: 513 daAuts
     D:5: 505 daAuts
     D:6: 356 daAuts
     D:9: 118 daAuts
  Temple: 110 daAuts
